 Dungeon Crawl Stone Soup version 0.23.2-1-ga50397a6bc (webtiles) character file.

Game seed: 3631231257416847695

8586 Pyrphoros the Blocker (level 11, 100/100 (101) HPs)
             Began as a Minotaur Fighter on May 27, 2019.
             Was an Elder of Makhleb.
             Quit the game on level 10 of the Dungeon on May 28, 2019.
             The game lasted 00:38:39 (8424 turns).

Pyrphoros the Blocker (Minotaur Fighter)            Turns: 8424, Time: 00:38:40

HP:   100/100 (101) AC: 14    Str: 24    XL:     11   Next: 11%
MP:   23/23         EV:  4    Int:  5    God:    Makhleb [****..]
Gold: 488           SH: 18    Dex: 10    Spells: 10/10 levels left

rFire    . . .     SeeInvis .   a - +0 war axe
rCold    . . .     Gourm    .   z - +0 large shield
rNeg     + . .     Faith    .   I - +0 plate armour
rPois    .         Spirit   .   (helmet restricted)
rElec    .         Reflect  .   (no cloak)
rCorr    .         Harm     .   (no gloves)
MR       .....                  (no boots)
Stlth    ..........             (no amulet)
HPRegen  0.26/turn              q - ring of magical power
MPRegen  0.18/turn              v - ring of positive energy

@: no status effects
A: retaliatory headbutt, horns 2
a: Minor Destruction, Lesser Servant of Makhleb, Major Destruction, Renounce
Religion


You were on level 10 of the Dungeon.
You worshipped Makhleb.
Makhleb was greatly pleased with you.
You were not hungry.

You visited 1 branch of the dungeon, and saw 10 of its levels.
You also visited: Bailey.

You collected 488 gold pieces.

Inventory:

Hand Weapons
 a - a +0 war axe (weapon)
 y - a +2 quarterstaff of chaos
 E - the +4 hunting sling "Womagek" {freeze, rElec rPois rC+, unknown}
   (You found it on level 6 of the Dungeon)

   It causes projectiles fired from it to freeze those they strike, causing
   extra injury to most foes and up to half again as much damage against
   particularly susceptible opponents.
   They can also slow down cold-blooded creatures.
   It protects you from cold.
   It insulates you from electricity.
   It protects you from poison.
 J - a +0 battleaxe
Armour
 b - a +1 scale mail
 c - a +0 shield
 z - a +0 large shield (worn)
 I - a +0 plate armour (worn)
Magical Staves
 H - an uncursed staff of wizardry {unknown}
 K - an uncursed staff of summoning {unknown}
Jewellery
 m - an uncursed ring of wizardry
 q - a ring of magical power (left hand)
 v - a ring of positive energy (right hand)
 F - a +4 ring of dexterity {unknown}
Wands
 r - a wand of acid (13)
 t - a wand of digging (7)
 u - a wand of polymorph (11)
 B - a wand of random effects (22)
 C - a wand of flame (31)
 M - a wand of disintegration (17)
Scrolls
 e - 5 scrolls of amnesia
 h - 2 scrolls of noise
 i - 3 scrolls of identify
 k - 2 scrolls of enchant armour
 n - 8 scrolls of teleportation
 x - a scroll of magic mapping
 L - a scroll of blinking {unknown}
 N - a scroll of immolation {unknown}
 O - a scroll of brand weapon {unknown}
Potions
 d - a potion of might
 j - 2 potions of haste
 l - 2 potions of degeneration
 o - 2 potions of cancellation
 p - a potion of resistance
 s - 5 potions of heal wounds
 w - a potion of lignification
 A - a potion of invisibility
 D - 2 potions of curing
 G - a potion of berserk rage {unknown}
 P - a potion of flight {unknown}
Comestibles
 f - 15 rations
 g - 12 chunks of flesh


   Skills:
 + Level 10.3 Fighting
 + Level 10.0 Axes
 + Level 10.3 Armour
 - Level 10.3 Shields
 + Level 6.0 Invocations


You had 10 spell levels left.
You didn't know any spells.
Your spell library contained the following spells:

 Spells                   Type           Power        Failure   Level  Hunger
 Corona                   Hex            #......      100%        1    ##.....
 Ensorcelled Hibernation  Hex/Ice        #.....       100%        2    ###....
 Confuse                  Hex            #.......     100%        3    ####...
 Dazzling Spray           Conj/Hex       #.....       100%        3    ####...
 Tukima's Dance           Hex            #.......     100%        3    ####...


Dungeon Overview and Level Annotations

Branches:
Dungeon (10/15)            Temple (0/1) D:7            Lair (0/6) D:8
    Orc: D:9-12

Altars:
Dithmenos
Elyvilon
Gozag
Kikubaaqudgha
Makhleb
Sif Muna
Zin

Shops:
D:4 }   D:8 *   D:9 (


Innate Abilities, Weirdness & Mutations

You reflexively headbutt those who attack you in melee.
You have a pair of horns on your head.


Message History

A leopard gecko comes into view.
Things that are here:
2 chunks of flesh; an adder skeleton A leopard gecko is nearby!
g - 12 chunks of flesh (gained 2)
The leopard gecko hisses angrily.
A leopard gecko is nearby!
You don't know any spells.
The leopard gecko bites you but does no damage.
You completely miss the leopard gecko.
You block the leopard gecko's attack. x2
You slice the leopard gecko!!
You kill the leopard gecko!
Makhleb accepts your kill.
No target in view!
No target in view!
No target in view!
Welcome back, Pyrphoros the Minotaur Fighter.
Blood and souls for Makhleb!
Press ? for a list of commands and other information.
Are you sure you want to abandon this character and quit the game? (Confirm with "yes".)

..#.....................
. ##.....#..............
..#.....###.............
.......## ##............
......# ##...........
.......## ##........#...
........###........###..
.........#.÷......## #.
..........@÷÷....##
.......÷..........#
...................#
..#.................
##................
##...............
##..............
...............
..............


There were no monsters in sight!

Vanquished Creatures
  Pikel (D:9)
  Grinder (D:4)
  Sigmund (D:5)
  2 wyverns (D:8)
  A basilisk (D:8)
  10 yaks
  Grum (D:9)
  A steam dragon (D:8)
  A swamp drake (D:8)
  5 orc warriors
  A slave (D:9)
  A sky beast (D:6)
  A hornet zombie (D:9)
  3 ice beasts
  A black bear (D:6)
  A necrophage (D:8)
  2 phantoms
  8 ogres
  3 wolves (D:9)
  A centaur (D:6)
  A big kobold (D:8)
  2 crocodiles (D:8)
  6 bullfrogs
  A water moccasin zombie (D:9)
  2 scorpions
  4 killer bees (D:9)
  7 wights (D:8)
  2 vampire bats (D:2)
  7 crimson imps
  2 centaur zombies
  4 jellies
  3 bullfrog zombies
  5 orc priests
  A bullfrog skeleton (D:8)
  8 hounds
  Crazy Yiuf (D:4)
  10 orc wizards
  A centaur skeleton (D:8)
  2 iguanas
  4 worker ants
  A hound skeleton (D:8)
  A mummy (D:5)
  2 worker ant zombies
  Robin (D:4)
  A howler monkey skeleton (D:4)
  7 gnolls
  13 adders
  3 shadow imps
  4 oozes
  2 worms
  3 dart slugs
  11 leopard geckos
  38 orcs
  8 bats
  6 bat skeletons (D:2)
  2 giant cockroaches
  22 goblins
  10 hobgoblins
  9 jackals
  5 quokkas
  A ball python (D:3)
  5 frilled lizards
  9 kobolds
  2 leopard gecko skeletons
  A quokka skeleton (D:4)
  7 rats
293 creatures vanquished.

Vanquished Creatures (others)
  A wyvern (D:8)
  An orc priest (D:8)
  An orc (D:8)
3 creatures vanquished.

Grand Total: 296 creatures vanquished

Notes
Turn   | Place    | Note
-------+----------+-------------------------------------------
     0 | D:1      | Pyrphoros the Minotaur Fighter began the quest for the Orb.
     0 | D:1      | Reached XP level 1. HP: 19/19 MP: 0/0
   100 | D:1      | Reached XP level 2. HP: 25/27 MP: 1/1
   192 | D:1      | Reached XP level 3. HP: 32/33 MP: 2/2
   566 | D:2      | Noticed a bullfrog
   570 | D:2      | Killed a bullfrog
   570 | D:2      | Reached XP level 4. HP: 38/41 MP: 3/3
   726 | D:2      | Reached XP level 5. HP: 38/47 MP: 4/4
   868 | D:2      | Found an ancient bone altar of Kikubaaqudgha.
   884 | D:2      | Reached skill level 5 in Fighting
   884 | D:2      | Reached skill level 5 in Shields
   889 | D:2      | Reached skill level 5 in Armour
   988 | D:2      | Reached XP level 6. HP: 53/56 MP: 5/5
  1191 | D:2      | Found a shadowy altar of Dithmenos.
  1421 | D:3      | Noticed an ice beast
  1429 | D:3      | Killed an ice beast
  1862 | D:3      | Reached skill level 5 in Axes
  2032 | D:4      | Reached XP level 7. HP: 62/62 MP: 6/6
  2041 | D:5      | Entered Level 5 of the Dungeon
  2184 | D:4      | Found a runed translucent door.
  2185 | D:4      | Noticed Crazy Yiuf
  2226 | D:4      | Killed Crazy Yiuf
  2520 | D:4      | Noticed Grinder
  2530 | D:4      | Paralysed by Grinder for 6 turns
  2540 | D:4      | Killed Grinder
  2540 | D:4      | Reached XP level 8. HP: 19/71 MP: 7/7
  2795 | D:4      | Found Edeistido's Gadget Boutique.
  3049 | D:4      | Noticed Robin
  3065 | D:4      | Killed Robin
  3343 | D:5      | Noticed Sigmund
  3351 | D:5      | Killed Sigmund
  3450 | D:5      | Found a burning altar of Makhleb.
  3450 | D:5      | Found a deep blue altar of Sif Muna.
  3471 | D:5      | Became a worshipper of Makhleb the Destroyer
  3701 | D:5      | Reached skill level 1 in Invocations
  4217 | D:6      | Reached XP level 9. HP: 78/81 MP: 9/9
  4471 | D:6      | Reached * piety under Makhleb
  5163 | D:6      | Got a fine hunting sling
  5239 | D:7      | Found a flagged portal.
  5250 | Bailey   | Entered a bailey
  5401 | Bailey   | Reached ** piety under Makhleb
  5452 | Bailey   | Noticed an orc knight
  6362 | D:7      | Found a staircase to the Ecumenical Temple.
  6530 | D:8      | Found Zin's Purification Station.
  6535 | D:8      | Found a glowing silver altar of Zin.
  6663 | D:8      | Reached XP level 10. HP: 83/90 MP: 12/12
  6827 | D:8      | Found an opulent altar of Gozag.
  7198 | D:8      | Reached *** piety under Makhleb
  7220 | D:8      | Found a white marble altar of Elyvilon.
  7638 | D:8      | Found a staircase to the Lair.
  7794 | D:9      | Noticed Pikel
  7816 | D:9      | Killed Pikel
  7816 | D:9      | Reached skill level 5 in Invocations
  7821 | D:9      | Noticed Grum
  7849 | D:9      | Killed Grum
  7861 | D:9      | Reached skill level 10 in Shields
  7960 | D:9      | Reached skill level 10 in Fighting
  7995 | D:9      | Found Tawkyxt's Weapon Shoppe.
  8006 | D:9      | Reached skill level 10 in Armour
  8031 | D:9      | Reached XP level 11. HP: 78/99 MP: 14/14
  8365 | D:10     | Entered Level 10 of the Dungeon
  8389 | D:10     | Reached **** piety under Makhleb
  8393 | D:10     | Reached skill level 10 in Axes
  8424 | D:10     | Quit the game

Skill      XL: |  1  2  3  4  5  6  7  8  9 10 11 |
---------------+----------------------------------+-----
Shields        | 4 5 6 7 9 10 | 10.3
Fighting       | 4 5 6 7 9 10 | 10.3
Axes           | 3 4 5 6 7 8 9 10 | 10.0
Armour         | 4 5 6 7 9 10 | 10.3
Invocations    | 1 4 5 6 |  6.0

Action                   |  1- 3 |  4- 6 |  7- 9 | 10-12 || total
-------------------------+-------+-------+-------+-------++-------
Melee: War axe           |    46 |   153 |   416 |   300 ||   915
       Headbutt          |     7 |    21 |    75 |    65 ||   168
Invok: Minor Destruction |       |       |       |     7 ||     7
  Use: Scroll            |     3 |       |     9 |     1 ||    13
       Potion            |       |       |     3 |       ||     3
 Stab: Confused          |       |       |       |     3 ||     3
  Eat: Chunk             |       |     4 |    16 |     6 ||    26
Armor: Scale mail        |    19 |    82 |   124 |     9 ||   234
       Plate armour      |       |       |       |   149 ||   149
Dodge: Dodged            |    17 |    53 |    80 |    46 ||   196
Block: Shield            |    21 |   100 |    21 |       ||   142
       Large shield      |       |       |   348 |   268 ||   616
